 Dungeon Crawl Stone Soup version 0.27.0-1-g7a08968 (webtiles) character file.

Game seed: 16569883607234836750

355 tokuyamm9 the Skirmisher (level 6, -5/56 HPs)
             Began as a Hill Orc Fighter on Aug 14, 2021.
             Killed by nerve-wracking pain
             ... invoked by Menkaure
              (10 damage)
             ... on level 4 of the Dungeon.
             The game lasted 00:07:13 (3204 turns).

tokuyamm9 the Skirmisher (Hill Orc Fighter)         Turns: 3204, Time: 00:07:13

Health: -5/56      AC: 11    Str: 20    XL:     6   Next: 63%
Magic:  6/6        EV: 22    Int:  8    God:
Gold:   194        SH:  9    Dex: 11    Spells: 5/5 levels left

rFire    x . .     SeeInvis .   a - +0 war axe
rCold    + + .     Faith    .   c - +0 kite shield
rNeg     . . .     Spirit   .   j - +0 ice dragon scales
rPois    .         Reflect  .   (no helmet)
rElec    .         Harm     .   (no cloak)
rCorr    .         Rampage  .   (no gloves)
Will     .....                  (no boots)
Stlth    ..........             d - amulet of the acrobat
HPRegen  0.18/turn              (no ring)
MPRegen  0.10/turn              (no ring)

@: acrobatic
A: no striking features
a: no special abilities


You were on level 4 of the Dungeon.
You visited 1 branch of the dungeon, and saw 5 of its levels.

You collected 194 gold pieces.

Inventory:

Hand Weapons
 a - a +0 war axe (weapon)
Armour
 b - a +0 scale mail
 c - a +0 kite shield (worn)
 j - +0 ice dragon scales (worn)
Jewellery
 d - an amulet of the acrobat (around neck)
Scrolls
 e - 3 scrolls of identify {unknown}
 g - a scroll of teleportation {unknown}
 h - a scroll of silence {unknown}
 k - a scroll of vulnerability {unknown}
Potions
 f - a potion of flight {unknown}
 i - a potion of degeneration {unknown}
 l - a potion of mutation {unknown}
 m - a potion of ambrosia {unknown}
 n - a potion of might


   Skills:
 + Level 5.3 Fighting
 + Level 5.0 Axes
 + Level 4.9 Armour
 + Level 4.8 Shields


You had 5 spell levels left.
You didn't know any spells.
Your spell library was empty.

Dungeon Overview and Level Annotations

Branches:
Dungeon (5/15)
 Temple: D:4-7

Altars:
Trog
Xom

Annotations:
D:4 Menkaure
D:5 Eustachio


Message History

You block the hound's attack. The hound bites you but does no damage.
You barely miss the hound.
The hound is severely wounded.
You block the hound's attack. x2
You hit the hound.
The hound is almost dead.
The hound bites you but does no damage. The hound barely misses you.
You block the hound's attack.
You barely miss the hound.
The hound is almost dead.
You block the hound's attack. x2
You miss the hound.
The hound is almost dead.
The hound barely misses you. You block the hound's attack.
You closely miss the hound.
The hound is almost dead.
You hit Menkaure. The hound completely misses you.
You block the hound's attack. Menkaure barely misses you.
You completely miss the hound.
The hound is almost dead.
You barely miss Menkaure. The hound bites you.
* * * LOW HITPOINT WARNING * * *
You block the hound's attack. You block Menkaure's attack.
You slash the hound!
You kill the hound!
You hit Menkaure but do no damage. Menkaure barely misses you.
Your Axes skill increases to level 5!
Menkaure casts a spell at you. Pain shoots through your body!
* * * LOW HITPOINT WARNING * * *
Menkaure gestures wildly while chanting.
Menkaure seems to speed up.
Menkaure calls on the powers of darkness!
Your body is wracked with pain!
* * * LOW HITPOINT WARNING * * *
Menkaure shrieks, "Why can't you leave me to my rest?"
Found a book of Necromancy.
Menkaure points at you and mumbles some strange words.
Pain shoots through your body!
You die...

#.#.#++#.#..#
#...+######
###.......# #
+.......# .#.
+.......##### ...
###....##...... ..
#...##.##.#####
.#..#.#++#M#.##.##.#
.....:.@........##.#
..#...######.#####.#
#... #.#.....####
#...######.##.#≈≈≈≈≈##
# ............≈÷...≈≈#
##......###.≈..○..≈#
#......# #.≈.._○.≈.
#......# #.≈.....÷.
#.....†# ##≈≈...≈≈.


You could see Menkaure (fast).

Vanquished Creatures
  A water moccasin (D:3)
  A kobold brigand (D:4)
  A hound (D:4)
  Jessica (D:2)
  A hound zombie (D:3)
  3 adders
  A howler monkey skeleton (D:3)
  2 worms (D:2)
  2 endoplasms
  3 giant cockroaches
  10 goblins
  9 hobgoblins
  8 jackals
  10 kobolds
  2 quokkas (D:1)
  5 ball pythons (D:1)
  4 bats
  3 frilled lizards
  5 rats
72 creatures vanquished.

Vanquished Creatures (others)
  An iguana (D:4)
  An adder (D:4)
  An orc (D:4)
  A hobgoblin (D:4)
  A ball python (D:4)
5 creatures vanquished.

Grand Total: 77 creatures vanquished

Notes
Turn   | Place    | Note
-------+----------+-------------------------------------------
     0 | D:1      | tokuyamm9 the Hill Orc Fighter began the quest for the Orb.
     0 | D:1      | Reached XP level 1. HP: 19/19 MP: 1/1
   175 | D:1      | Reached XP level 2. HP: 26/27 MP: 2/2
   696 | D:1      | Reached XP level 3. HP: 29/33 MP: 3/3
  1180 | D:1      | Found a faded altar of an unknown god.
  1415 | D:2      | Found a bloodstained altar of Trog.
  1416 | D:2      | Noticed Jessica
  1424 | D:2      | Killed Jessica
  1425 | D:2      | Reached XP level 4. HP: 34/40 MP: 4/4
  2149 | D:3      | Reached XP level 5. HP: 40/47 MP: 5/5
  2240 | D:3      | Noticed a water moccasin
  2260 | D:3      | Killed a water moccasin
  2261 | D:3      | Reached skill level 5 in Fighting
  2261 | D:3      | Reached XP level 6. HP: 10/56 MP: 6/6
  2893 | D:4      | Found a shimmering altar of Xom.
  3070 | D:4      | Noticed Menkaure
  3078 | D:5      | Entered Level 5 of the Dungeon
  3106 | D:5      | Noticed a sky beast
  3157 | D:5      | Noticed Eustachio
  3178 | D:4      | Reached skill level 5 in Axes
  3180 | D:4      | HP: 2/56 [Menkaure/nerve-wracking pain (14)]
  3204 | D:4      | Killed from afar by Menkaure

Illustrated notes

Levels and vault maps discovered:
D:1:      erik_arrival_cave_to_civilisation [erik_arrival_cave_to_temple],
          layout_basic, dreamdust_ecumenical_altar_sealed_demon,
          minmay_pentomino_w2
D:2:      cheibrodos_greedy_goblins, layout_basic, basic_altar, uniq_jessica
D:3:      layout_loops_ring
D:4:      layout_basic, xom_confusion_cloud, temple_fountains, minmay_mini_jars,
          uniq_menkaure
D:5:      layout_rooms, gammafunk_temple_overflow_statue, st_stairs_8,
          uniq_eustachio, uniq_duvessa

Skill      XL: |  1  2  3  4  5  6 |
---------------+-------------------+-----
Axes           | 3 4 5 |  5.0
Fighting       | 4 5 |  5.3
Armour         | 4 |  4.9
Shields        | 4 |  4.8

Action                   |  1- 3 |  4- 6 || total
-------------------------+-------+-------++-------
Melee: War axe           |    90 |   127 ||   217
  Use: Potion            |       |     1 ||     1
Armor: Scale mail        |    53 |       ||    53
       Ice dragon scales |     1 |    82 ||    83
Dodge: Dodged            |    27 |    68 ||    95
Block: Kite shield       |    75 |    80 ||   155
